 Dungeon Crawl Stone Soup version 0.32-a0-120-gfac0567ad4 (webtiles) character file.

Game seed: 9153890126116508039

88 lunkers the Poker (level 4, -1/44 HPs)
             Began as an Oni Gladiator on Feb 6, 2024.
             Was an Initiate of Okawaru.
             Slain by a kobold brigand
             ... wielding a +0 club
              (5 damage)
             ... on level 3 of the Dungeon.
             The game lasted 00:02:53 (2222 turns).

lunkers the Poker (Oni Gladiator)                   Turns: 2222, Time: 00:02:54

Health: -1/44      AC:  4    Str: 20    XL:     4   Next: 54%
Magic:  13/13      EV: 10    Int:  9    God:    Okawaru [......]
Gold:   122        SH:  5    Dex: 16    Spells: 3/3 levels left

rFire   . . .        a - +0 trident
rCold   . . .        (no shield)
rNeg    . . .        b - +0 robe
rPois   .            c - +0 hat
rElec   .            i - +0 cloak
rCorr   .            (gloves unavailable)
SInv    .            (boots unavailable)
Will    .....        g - amulet of reflection
Stlth   +            k - +6 ring of dexterity
HPRegen 0.27/turn    m - ring of magical power
MPRegen 0.13/turn

%: reflection
@: lethally poisoned (-1 -> -19)
A: large, unfitting armour, horns 1, tough skin 1, double potion healing,
drunken brawling
a: Renounce Religion


You were on level 3 of the Dungeon.
You worshipped Okawaru.
Okawaru was noncommittal.
You visited 1 branch of the dungeon, and saw 3 of its levels.

You collected 122 gold pieces.

Inventory:

Hand Weapons
 a - a +0 trident (weapon)
Missiles
 d - 3 throwing nets
 e - a large rock
 u - 6 poisoned darts
 w - 3 curare-tipped darts
 z - 5 stones
Armour
 b - a +0 robe (worn)
 c - a +0 hat (worn)
 i - a +0 cloak (worn)
Jewellery
 g - an amulet of reflection (around neck)
 k - a +6 ring of dexterity (left hand)
 m - a ring of magical power (right hand)
 o - a ring of resist corrosion
 y - a ring of fire
Wands
 v - a wand of polymorph (7)
Scrolls
 f - 3 scrolls of noise {unknown}
 h - 2 scrolls of enchant armour {unknown}
 l - 7 scrolls of identify {unknown}
 q - a scroll of fog {unknown}
 r - 2 scrolls of teleportation {unknown}
Potions
 j - 2 potions of curing {unknown}
 n - 2 potions of mutation {unknown}
 p - a potion of berserk rage {unknown}
 s - a potion of lignification {unknown}
 t - a potion of might {unknown}
 x - 2 potions of ambrosia {unknown}


   Skills:
 - Level 2.6 Fighting
 * Level 5.2 Polearms
 - Level 2.0 Throwing
 - Level 2.6 Dodging


You had 3 spell levels left.
You didn't know any spells.
Your spell library contained the following spells:

 Spells                   Type           Power      Damage    Failure   Level
 Apportation              Tloc           0%         N/A       38%         1
 Necrotise                Necr           0%         1d4       38%         1
 Sting                    Conj/Alch      0%         1d3       38%         1
 Summon Small Mammal      Summ           Unusable   N/A       N/A         1

Dungeon Overview and Level Annotations

Branches:
Dungeon (3/15)

Altars:
Elyvilon
Okawaru
The Shining One

Annotations:
D:3 1 runed translucent door, Crazy Yiuf


Innate Abilities, Weirdness & Mutations

You are too large for most types of armour.
You have a pair of small horns on your head.
You have tough skin. (AC +1)
You gain doubled healing and magic from potions.
Whenever you drink a healing potion, you attack all around you.


Message History

The kobold brigand is heavily wounded.
You feel very sick. The kobold brigand misses you.
The kobold hits you but does no damage.
The kobold brigand hits you with a +0 club.
Reach: a) +0 trident
Press: ? - help, Dir - move target, f/p - kobold brigand
Aim: a kobold brigand, wielding a +1 dagger of venom and quivering poisoned darts (heavily wounded, about 45% to evade your +0 trident)
You hit the kobold brigand. You headbutt the kobold brigand.
The kobold brigand is almost dead.
You feel very sick.
The kobold brigand hits you with a +0 club.
The kobold brigand hits you with a +1 dagger of venom.
* * * LOW HITPOINT WARNING * * *
You are more poisoned.
The kobold hits you but does no damage.
Reach: a) +0 trident
Press: ? - help, Dir - move target, f/p - kobold brigand
Aim: a kobold brigand, wielding a +1 dagger of venom and quivering poisoned darts (almost dead, about 45% to evade your +0 trident)
You barely miss the kobold brigand.
Your headbutt misses the kobold brigand.
The kobold brigand is almost dead.
* * * LOW HITPOINT WARNING * * *
You feel very sick.
The kobold brigand hits you with a +1 dagger of venom.
* * * LOW HITPOINT WARNING * * *
You are more poisoned.
The kobold barely misses you.
The kobold brigand hits you with a +0 club.
* * * LOW HITPOINT WARNING * * *
Reach: a) +0 trident
Press: ? - help, Dir - move target, f/p - kobold brigand
Aim: a kobold brigand, wielding a +1 dagger of venom and quivering poisoned darts (almost dead, about 45% to evade your +0 trident)
You puncture the kobold brigand!
You kill the kobold brigand!
Okawaru accepts your kill.
* * * LOW HITPOINT WARNING * * *
You feel very sick. You block the kobold's attack.
The kobold brigand hits you with a +0 club.
You die...

#.# #......# #.# #.# #.# #.###.#
#.# #.###.## #.# #.# #.###.##...
#.# #.# #.####.###.###.#.......#
##.###.###.##~~~~~......#...)....
##.........~~~≈≈~~~....#######...
######|######~≈≈≈~~~~###.....###.
######.# (..###≈######........)..
.......# !....###.......#####.)..
######## #...K@.....###≈≈≈####. #
###.K)######~≈~≈~≈~~.. #####
~~~~~~~~#.. ####~~~..... #######
### #######)# ......###.## #)#
#####.##.#.## #.# #......###.#
#.# #.##.##.#.## ##### ##.#


You could see a kobold brigand and a kobold.

Vanquished Creatures
  A kobold brigand (D:3)
  Natasha (D:3)
  An adder (D:2)
  A dart slug (D:3)
  2 ball pythons (D:1)
  6 endoplasms
  4 giant cockroaches
  4 goblins
  4 hobgoblins
  3 jackals (D:2)
  4 bats (D:1)
  2 frilled lizards
  10 kobolds
  7 rats
50 creatures vanquished.

Vanquished Creatures (others)
  A kobold (D:3)
1 creature vanquished.

Grand Total: 51 creatures vanquished

Notes
Turn   | Place    | Note
-------+----------+-------------------------------------------
     0 | D:1      | lunkers the Oni Gladiator began the quest for the Orb.
     0 | D:1      | Reached XP level 1. HP: 22/22 MP: 1/1
   108 | D:1      | Reached XP level 2. HP: 23/29 MP: 2/2
   265 | D:1      | Found a faded altar of an unknown god.
   399 | D:1      | Reached skill level 4 in Polearms
   526 | D:1      | Reached XP level 3. HP: 36/36 MP: 3/3
   880 | D:2      | Found an iron altar of Okawaru.
   928 | D:2      | Became a worshipper of Warmaster Okawaru
  1473 | D:3      | Found a white marble altar of Elyvilon.
  1749 | D:3      | Noticed Natasha
  1760 | D:3      | Killed Natasha
  1761 | D:3      | Reached skill level 5 in Polearms
  1761 | D:3      | Reached XP level 4. HP: 41/44 MP: 4/4
  1951 | D:3      | Found a glowing golden altar of the Shining One.
  2160 | D:3      | Found a runed translucent door.
  2161 | D:3      | Noticed Crazy Yiuf
  2212 | D:3      | Noticed a kobold brigand
  2213 | D:3      | Noticed a kobold brigand
  2222 | D:3      | Killed a kobold brigand
  2222 | D:3      | Slain by a kobold brigand

Illustrated notes

Levels and vault maps discovered:
D:1:      dpeg_arrival_ratfight, layout_loops_ring,
          hellmonk_ecumenical_altar_pennies_from_heaven
D:2:      layout_loops_cross, basic_altar, glass_columns_a
D:3:      cheibrodos_thug_alley, layout_loops_corners,
          nicolae_overflow_hidden_temple, mainiacjoe_overflow_alcove_2,
          uniq_natasha, uniq_crazy_yiuf_cottage

Skill      XL: |  1  2  3 |
---------------+----------+-----
Polearms       | 4 5 |  5.2
Fighting       | |  2.6
Throwing       | |  2.0
Dodging        | |  2.6

Action                     |  1- 3 |  4- 6 || total
---------------------------+-------+-------++-------
  Melee: Trident           |    79 |    38 ||   117
         Headbutt          |    14 |     5 ||    19
         Punch             |     2 |       ||     2
   Stab: Sleeping          |     3 |       ||     3
         Distracted        |     1 |       ||     1
 Armour: Robe              |    17 |    21 ||    38
  Dodge: Dodged            |    23 |    11 ||    34
  Block: Other             |    11 |     5 ||    16
         Reflection        |     1 |       ||     1

Table legend: (Time is in decaauts)
 A = Elapsed time spent in this place.
 B = Non-inter-level travel time spent in this place.
 C = Inter-level travel time spent in this place.
 D = Time resting spent in this place.
 E = Time spent auto-exploring this place.
 F = Levels seen in this place.
 G = Mean time per level.
                   A        B        C        D        E       F      G
               +--------+--------+--------+--------+--------+-----+--------+
         Total |   2236 |   2163 |     73 |      0 |   1826 |   3 |  745.3 |
       Dungeon |   2236 |   2163 |     73 |      0 |   1826 |   3 |  745.3 |
               +--------+--------+--------+--------+--------+-----+--------+

Top non-repeatable levels by time:
     D:3: 832 daAuts
     D:1: 802 daAuts
     D:2: 602 daAuts
